| TOP OF THE 1ST |
|
New York Yankees batting - Pitching for Toronto Blue Jays : RHP Javy Falcon
|
|
Pitching: RHP Javy Falcon
|
|
|
Batting: RHB Jose Tovar
|
0-0: Called Strike 0-1: Called Strike 0-2: Ball 1-2: Strikes out swinging
|
|
Batting: LHB Joel Vera
|
0-0: Called Strike 0-1: Ball 1-1: Ball 2-1: Ground out 5-3 (Groundball, 56S, EV 88.1 MPH)
|
|
Batting: SHB Mukhtar Wa'il
|
0-0: Swinging Strike 0-1: Swinging Strike 0-2: Strikes out swinging
|
| Top of the 1st over - 0 runs, 0 hits, 0 errors, 0 left on base; New York 0 - Toronto 0 |
| BOTTOM OF THE 1ST |
|
Toronto Blue Jays batting - Pitching for New York Yankees : RHP Eric Aguilar
|
|
Pitching: RHP Eric Aguilar
|
|
|
Batting: RHB C.J. Richerson
|
0-0: Foul Ball, location: 2F 0-1: Foul Ball, location: 2F 0-2: Ball 1-2: Foul Ball, location: 2F 1-2: Strikes out swinging
|
|
Batting: LHB Nate Dean
|
0-0: Foul Ball, location: 2F 0-1: Ball 1-1: Ball 2-1: Ball 3-1: Base on Balls
|
|
Batting: RHB Efrain Vargas
|
Pickoff Throw to First - Out! 1-3 CS 0-0: Called Strike 0-1: Ball 1-1: Ball 2-1: Ball 3-1: Swinging Strike 3-2: Base on Balls
|
|
Batting: LHB Willis Robles
|
0-0: Ball 1-0: Ball 2-0: DOUBLE (Line Drive, 8RXD, EV 107.5 MPH) Efrain Vargas to third Runner from 3rd tries for Home, SAFE, no throw by CF
|
|
Batting: SHB Dominik Hasek II
|
0-0: Ball 1-0: Ball 2-0: Called Strike 2-1: Foul Ball, location: 2F 2-2: Strikes out swinging
|
| Bottom of the 1st over - 1 run, 1 hit, 0 errors, 1 left on base; New York 0 - Toronto 1 |
| TOP OF THE 2ND |
|
New York Yankees batting - Pitching for Toronto Blue Jays : RHP Javy Falcon
|
|
Batting: LHB Aaron Joyner
|
0-0: Ball 1-0: SOLO HOME RUN (Line Drive, 9LD, EV 91.9 MPH), Distance : 343 ft
|
|
Batting: RHB Devon Utley
|
0-0: Ball 1-0: Called Strike 1-1: Ball 2-1: SINGLE (Groundball, 4MD, EV 83.8 MPH) (infield hit)
|
|
Batting: RHB Eric Davis
|
0-0: Swinging Strike 0-1: Ball 1-1: Swinging Strike 1-2: Ball 2-2: Strikes out swinging
|
|
Batting: SHB Victor Ruiz
|
0-0: Ball 1-0: Foul Ball, location: 2F 1-1: Hit by Pitch Devon Utley to second
|
|
Batting: LHB Jared Zulkowski
|
0-0: DOUBLE (Line Drive, 5D, EV 105.6 MPH) Devon Utley scores Victor Ruiz to third
|
|
Batting: RHB Ryan Neal
|
0-0: Foul Ball, location: 2F 0-1: Ball 1-1: Ball 2-1: Foul Ball, location: 2F 2-2: Foul Ball, location: 2F 2-2: Fly out, F9 (Line Drive, 89M, EV 105.0 MPH)
|
|
Batting: RHB Jose Tovar
|
0-0: Ball 1-0: Called Strike 1-1: Ball 2-1: Foul Ball, location: 2F 2-2: Strikes out looking
|
| Top of the 2nd over - 2 runs, 3 hits, 0 errors, 2 left on base; New York 2 - Toronto 1 |
| BOTTOM OF THE 2ND |
|
Toronto Blue Jays batting - Pitching for New York Yankees : RHP Eric Aguilar
|
|
Batting: RHB Brock Van Gilder
|
0-0: Ball 1-0: SOLO HOME RUN (Flyball, 7D, EV 105.6 MPH), Distance : 422 ft
|
|
Batting: RHB Ryan Kinkead
|
0-0: Foul Ball, location: 2F 0-1: Ball 1-1: Ball 2-1: Called Strike 2-2: Ball 3-2: Strikes out looking
|
|
Batting: LHB Danny Bailey
|
0-0: Ball 1-0: Ball 2-0: Called Strike 2-1: Swinging Strike 2-2: Ground out 4-3 (Groundball, 4, EV 76.9 MPH)
|
|
Batting: RHB Justin Powell
|
0-0: Called Strike 0-1: SINGLE (Groundball, 4MD, EV 93.8 MPH)
|
|
Batting: RHB C.J. Richerson
|
0-0: Ball 1-0: SINGLE (Line Drive, 8RS, EV 93.8 MPH) Justin Powell to second Runner from 2nd tries for 3rd, SAFE, throw by CF made to third
|
|
Batting: LHB Nate Dean
|
0-0: Ball 1-0: Ball 2-0: Ball 3-0: Called Strike 3-1: Fly out, F5 (Popup, 5F, EV 71.2 MPH)
|
| Bottom of the 2nd over - 1 run, 3 hits, 0 errors, 2 left on base; New York 2 - Toronto 2 |
| TOP OF THE 3RD |
|
New York Yankees batting - Pitching for Toronto Blue Jays : RHP Javy Falcon
|
|
Batting: LHB Joel Vera
|
0-0: Ball 1-0: Called Strike 1-1: Ball 2-1: Swinging Strike 2-2: Strikes out swinging
|
|
Batting: SHB Mukhtar Wa'il
|
0-0: Ball 1-0: Called Strike 1-1: Ball 2-1: Swinging Strike 2-2: SINGLE (Groundball, 4D, EV 106.9 MPH)
|
|
Batting: LHB Aaron Joyner
|
0-0: Ball 1-0: Called Strike 1-1: Called Strike 1-2: Foul Ball, location: 2F 1-2: Strikes out swinging
|
|
Batting: RHB Devon Utley
|
0-0: Fielders Choice at 2nd, 6-4 (Groundball, 6, EV 76.9 MPH)
|
| Top of the 3rd over - 0 runs, 1 hit, 0 errors, 1 left on base; New York 2 - Toronto 2 |
| BOTTOM OF THE 3RD |
|
Toronto Blue Jays batting - Pitching for New York Yankees : RHP Eric Aguilar
|
|
Batting: RHB Efrain Vargas
|
0-0: Called Strike 0-1: Foul Ball, location: 2F 0-2: Strikes out swinging, 2-3 out at first.
|
|
Batting: LHB Willis Robles
|
0-0: Ball 1-0: Fly out, F8 (Flyball, 8LM, EV 85.6 MPH)
|
|
Batting: SHB Dominik Hasek II
|
0-0: Ball 1-0: Ball 2-0: Ball 3-0: Base on Balls
|
|
Batting: RHB Brock Van Gilder
|
0-0: Called Strike 0-1: Ball 1-1: Swinging Strike 1-2: Strikes out swinging
|
| Bottom of the 3rd over - 0 runs, 0 hits, 0 errors, 1 left on base; New York 2 - Toronto 2 |
| TOP OF THE 4TH |
|
New York Yankees batting - Pitching for Toronto Blue Jays : RHP Javy Falcon
|
|
Batting: RHB Eric Davis
|
0-0: Ball 1-0: Ball 2-0: Ball 3-0: Base on Balls
|
|
Batting: SHB Victor Ruiz
|
0-0: Called Strike 0-1: Called Strike 0-2: Strikes out looking
|
|
Pitching: RHP Chase Schlong
|
|
|
Batting: LHB Jared Zulkowski
|
0-0: 2-RUN HOME RUN (Flyball, 9D, EV 95.0 MPH), Distance : 381 ft
|
|
Batting: RHB Ryan Neal
|
0-0: Ball 1-0: Ball 2-0: Called Strike 2-1: Called Strike 2-2: DOUBLE (Groundball, 5L, EV 100.0 MPH)
|
|
Pinch Hitting: RHB Russ Shambaugh
|
0-0: SINGLE (Groundball, 56D, EV 105.6 MPH) Ryan Neal to third Runner from 3rd tries for Home, throw by LF and OUT! 7-2
|
|
Batting: LHB Joel Vera
|
|
|
Pinch Hitting: RHB Jeckel Hester
|
0-0: Called Strike 0-1: Called Strike 0-2: Strikes out looking
|
| Top of the 4th over - 2 runs, 3 hits, 0 errors, 1 left on base; New York 4 - Toronto 2 |
| BOTTOM OF THE 4TH |
|
Toronto Blue Jays batting - Pitching for New York Yankees : RHP Eric Aguilar
|
|
Now at 2B: Jeckel Hester
|
|
|
Now in LF: Victor Ruiz
|
|
|
Now in RF: Russ Shambaugh
|
|
|
Batting: RHB Ryan Kinkead
|
0-0: Ball 1-0: Ball 2-0: Ball 3-0: Base on Balls
|
|
Batting: LHB Danny Bailey
|
0-0: Ball 1-0: Swinging Strike 1-1: Foul Ball, location: 2F 1-2: Strikes out swinging
|
|
Batting: RHB Justin Powell
|
0-0: Called Strike 0-1: Hit by Pitch Ryan Kinkead to second
|
|
Batting: RHB C.J. Richerson
|
0-0: Called Strike 0-1: Ball 1-1: Reached on error, E3 (Groundball, 34S, EV 87.5 MPH) Ryan Kinkead to third Justin Powell to second
|
|
Batting: LHB Nate Dean
|
0-0: Called Strike 0-1: Called Strike 0-2: Foul Ball, location: 2F 0-2: Ball 1-2: Foul Ball, location: 2F 1-2: Fly out, F7 (Line Drive, 7LM, EV 99.4 MPH)
|
|
Pitching: LHP Arturo Eli
|
|
|
Batting: RHB Efrain Vargas
|
0-0: Ball 1-0: Foul Ball, location: 2F 1-1: Ball 2-1: Foul Ball, location: 2F 2-2: Ball 3-2: Fly out, F9 (Flyball, 9LS, EV 83.1 MPH)
|
| Bottom of the 4th over - 0 runs, 0 hits, 1 error, 3 left on base; New York 4 - Toronto 2 |
| TOP OF THE 5TH |
|
New York Yankees batting - Pitching for Toronto Blue Jays : RHP Chase Schlong
|
|
Now at 2B: Leo Mair
|
|
|
Now at SS: Dylan Novakowski
|
|
|
Pinch Hitting: RHB Shiro Suehiro
|
0-0: Ball 1-0: Called Strike 1-1: Fly out, F9 (Line Drive, 9LM, EV 99.4 MPH)
|
|
Pinch Hitting: SHB Jay Gagnon
|
0-0: Called Strike 0-1: Ball 1-1: Swinging Strike 1-2: Ball 2-2: DOUBLE (Flyball, 8LXD, EV 95.0 MPH)
|
|
Batting: RHB Devon Utley
|
0-0: Ball 1-0: Called Strike 1-1: SINGLE (Line Drive, 56D, EV 96.9 MPH) Jay Gagnon to third Runner from 3rd tries for Home, SAFE, throw by LF to home
|
|
Pitching: LHP Mario Amore
|
|
|
Pinch Hitting: SHB Bartholomeu Chambino
|
0-0: Foul Ball, location: 2F 0-1: Ball 1-1: Foul Ball, location: 2F 1-2: Grounds into double play, 6-4-3 (Groundball, 6, EV 89.4 MPH)
|
| Top of the 5th over - 1 run, 2 hits, 0 errors, 0 left on base; New York 5 - Toronto 2 |
| BOTTOM OF THE 5TH |
|
Toronto Blue Jays batting - Pitching for New York Yankees : LHP Arturo Eli
|
|
Now at 1B: Larry Martell
|
|
|
Now at 3B: Bartholomeu Chambino
|
|
|
Now in LF: Russ Shambaugh
|
|
|
Now in CF: Jay Gagnon
|
|
|
Now in RF: Gus Berry
|
|
|
Pinch Hitting: RHB Donny Burnside
|
0-0: Ball 1-0: Foul Ball, location: 2F 1-1: Ball 2-1: Swinging Strike 2-2: Ball 3-2: Strikes out swinging
|
|
Pinch Hitting: RHB Danny Burnside
|
0-0: Ball 1-0: Ball 2-0: Ball 3-0: Called Strike 3-1: SINGLE (Groundball, 4MS, EV 66.9 MPH) (infield hit)
|
|
Batting: RHB Brock Van Gilder
|
0-0: Foul Ball, location: 2F 0-1: Ball 1-1: Called Strike 1-2: Foul Ball, location: 2F 1-2: 2-RUN HOME RUN (Flyball, 7LD, EV 95.0 MPH), Distance : 379 ft
|
|
Batting: SHB Spencer Jones
|
0-0: Ball 1-0: Swinging Strike 1-1: Ball 2-1: Swinging Strike 2-2: Strikes out swinging
|
|
Pinch Hitting: RHB Bill Murray
|
0-0: Ball 1-0: Ball 2-0: Ball 3-0: Base on Balls
|
|
Batting: RHB Justin Powell
|
0-0: Ball 1-0: Ball 2-0: Called Strike 2-1: Fielders Choice at 2nd, 6-4 (Groundball, 6, EV 83.8 MPH)
|
| Bottom of the 5th over - 2 runs, 2 hits, 0 errors, 1 left on base; New York 5 - Toronto 4 |
| TOP OF THE 6TH |
|
New York Yankees batting - Pitching for Toronto Blue Jays : LHP Mario Amore
|
|
Pitching: LHP Dylan Batstone
|
|
|
Now at 1B: Danny Burnside
|
|
|
Now at 2B: Michael Byrd
|
|
|
Now at 3B: Leo Mair
|
|
|
Now in LF: Bill Murray
|
|
|
Now in CF: Donny Burnside
|
|
|
Now in RF: Justin Powell
|
|
|
Batting: SHB Gus Berry
|
0-0: Ball 1-0: Ball 2-0: Ball 3-0: Base on Balls
|
|
Batting: LHB Jared Zulkowski
|
0-0: Ball 1-0: Ball 2-0: SINGLE (Groundball, 34D, EV 105.6 MPH) Gus Berry to second Runner from 2nd tries for 3rd, SAFE, no throw by RF
|
|
Batting: RHB Ryan Neal
|
0-0: Called Strike 0-1: Swinging Strike 0-2: Ball 1-2: Ball 2-2: Foul Ball, location: 2F 2-2: Fly out, F8 (Flyball, 8LXD, EV 103.1 MPH) Runner from 3rd tags up, SCORES, no throw by CF
|
|
Batting: RHB Russ Shambaugh
|
0-0: Called Strike 0-1: Called Strike 0-2: Ball Wild Pitch! Jared Zulkowski to second 1-2: Ball 2-2: Ball 3-2: Base on Balls
|
|
Batting: RHB Jeckel Hester
|
0-0: Foul Ball, location: 2F 0-1: Called Strike 0-2: Ball 1-2: SINGLE (Groundball, 34D, EV 108.1 MPH) Jared Zulkowski to third Russ Shambaugh to second
|
|
Pitching: LHP Bryan Reynolds
|
|
|
Batting: RHB Larry Martell
|
0-0: Ball 1-0: Foul Ball, location: 2F 1-1: Ball 2-1: Grounds into fielders choice 6-2 (Groundball, 6, EV 110.6 MPH) Russ Shambaugh to third Jeckel Hester to second
|
|
Batting: SHB Jay Gagnon
|
0-0: Called Strike 0-1: Swinging Strike 0-2: Ball 1-2: Ball 2-2: SINGLE (Groundball, 4MD, EV 95.0 MPH) Russ Shambaugh scores Jeckel Hester to third Larry Martell to second Runner from 3rd tries for Home, SAFE, throw by CF to home
|
|
Batting: RHB Devon Utley
|
0-0: Ball 1-0: Fly out, F8 (Flyball, 8RD, EV 101.2 MPH)
|
| Top of the 6th over - 3 runs, 3 hits, 0 errors, 2 left on base; New York 8 - Toronto 4 |
| BOTTOM OF THE 6TH |
|
Toronto Blue Jays batting - Pitching for New York Yankees : LHP Arturo Eli
|
|
Pitching: RHP Chad Curry
|
|
|
Batting: SHB Dylan Novakowski
|
0-0: Ball 1-0: Swinging Strike 1-1: Foul Ball, location: 2F 1-2: Foul Ball, location: 2F 1-2: Ball 2-2: Foul Ball, location: 2F 2-2: Foul Ball, location: 2F 2-2: Ball 3-2: Fly out, F9 (Flyball, 89M, EV 85.0 MPH)
|
|
Batting: RHB Leo Mair
|
0-0: Called Strike 0-1: Foul Ball, location: 2F 0-2: Foul Ball, location: 2F 0-2: Ball 1-2: SINGLE (Line Drive, 9LS, EV 95.6 MPH)
|
|
Batting: LHB Michael Byrd
|
0-0: Called Strike 0-1: Ball 1-1: Swinging Strike 1-2: Strikes out swinging
|
|
Batting: RHB Donny Burnside
|
0-0: Ground out 5-3 (Groundball, 56S, EV 81.9 MPH)
|
| Bottom of the 6th over - 0 runs, 1 hit, 0 errors, 1 left on base; New York 8 - Toronto 4 |
| TOP OF THE 7TH |
|
New York Yankees batting - Pitching for Toronto Blue Jays : LHP Bryan Reynolds
|
|
Batting: SHB Bartholomeu Chambino
|
0-0: Ball 1-0: Ball 2-0: Ball 3-0: Base on Balls
|
|
Batting: SHB Gus Berry
|
0-0: Ball 1-0: Bunt missed! 1-1: Ball 2-1: Sac Bunt to P - play at first, batter OUT! 1-3 Bartholomeu Chambino to second
|
|
Batting: LHB Jared Zulkowski
|
0-0: Called Strike 0-1: Ball 1-1: Foul Ball, location: 2F 1-2: Strikes out swinging
|
|
Pitching: RHP Sergio Valdivia
|
|
|
Batting: RHB Ryan Neal
|
0-0: Fly out, F8 (Flyball, 8LXD, EV 105.6 MPH)
|
| Top of the 7th over - 0 runs, 0 hits, 0 errors, 1 left on base; New York 8 - Toronto 4 |
| BOTTOM OF THE 7TH |
|
Toronto Blue Jays batting - Pitching for New York Yankees : RHP Chad Curry
|
|
DELAY
|
Rain delay of 44 minutes in the 7th inning.
|
|
Batting: RHB Danny Burnside
|
0-0: Foul Ball, location: 2F 0-1: Swinging Strike 0-2: Fly out, F9 (Line Drive, 9S, EV 88.1 MPH)
|
|
Batting: RHB Brock Van Gilder
|
0-0: Ball 1-0: Ball 2-0: Foul Ball, location: 2F 2-1: Called Strike 2-2: Ball 3-2: Foul Ball, location: 2F 3-2: SINGLE (Groundball, 6MD, EV 105.0 MPH)
|
|
Batting: SHB Spencer Jones
|
0-0: Called Strike 0-1: Ball 1-1: Ball 2-1: Fly out, F8 (Flyball, 89D, EV 87.5 MPH)
|
|
Pitching: LHP Joel Pacheco
|
|
|
Batting: RHB Bill Murray
|
0-0: Ball 1-0: Ball 2-0: Ball 3-0: Foul Ball, location: 2F 3-1: Base on Balls Brock Van Gilder to second
|
|
Batting: RHB Justin Powell
|
0-0: Ball 1-0: Fielders Choice at 2nd, 6-4 (Groundball, 6, EV 90.0 MPH)
|
| Bottom of the 7th over - 0 runs, 1 hit, 0 errors, 2 left on base; New York 8 - Toronto 4 |
| TOP OF THE 8TH |
|
New York Yankees batting - Pitching for Toronto Blue Jays : RHP Sergio Valdivia
|
|
Pinch Hitting: RHB Adriaan Pieters
|
0-0: Foul Ball, location: 2F 0-1: Called Strike 0-2: Foul Ball, location: 2F 0-2: Strikes out looking
|
|
Batting: RHB Jeckel Hester
|
0-0: Called Strike 0-1: Ball 1-1: Called Strike 1-2: Ball 2-2: Foul Ball, location: 2F 2-2: Foul Ball, location: 2F 2-2: Ball 3-2: Base on Balls
|
|
Batting: RHB Larry Martell
|
0-0: Ball 1-0: Foul Ball, location: 2F 1-1: Ball 2-1: Foul Ball, location: 2F 2-2: Ball 3-2: Strikes out looking
|
|
Batting: SHB Jay Gagnon
|
0-0: Ball Jeckel Hester is caught stealing 2nd base 2-6
|
| Top of the 8th over - 0 runs, 0 hits, 0 errors, 0 left on base; New York 8 - Toronto 4 |
| BOTTOM OF THE 8TH |
|
Toronto Blue Jays batting - Pitching for New York Yankees : LHP Joel Pacheco
|
|
Now in LF: Adriaan Pieters
|
|
|
Batting: SHB Dylan Novakowski
|
0-0: Ball 1-0: Called Strike 1-1: Ground out 5-3 (Groundball, 56, EV 83.8 MPH)
|
|
Batting: RHB Leo Mair
|
0-0: Fly out, F8 (Flyball, 8RM, EV 95.6 MPH)
|
|
Batting: LHB Michael Byrd
|
0-0: Ball 1-0: Ball 2-0: Fly out, F9 (Flyball, 89M, EV 90.0 MPH)
|
| Bottom of the 8th over - 0 runs, 0 hits, 0 errors, 0 left on base; New York 8 - Toronto 4 |
| TOP OF THE 9TH |
|
New York Yankees batting - Pitching for Toronto Blue Jays : RHP Sergio Valdivia
|
|
Pitching: LHP Mitchel Larson
|
|
|
Batting: SHB Jay Gagnon
|
0-0: Ball 1-0: Ball 2-0: Ball 3-0: Base on Balls
|
|
Batting: RHB Devon Utley
|
0-0: 2-RUN HOME RUN (Line Drive, 78XD, EV 116.2 MPH), Distance : 447 ft
|
|
Pinch Hitting: RHB Geni Prawiranega
|
0-0: Foul Ball, location: 2F 0-1: Ball 1-1: Foul Ball, location: 2F 1-2: Strikes out swinging
|
|
Pinch Hitting: LHB Dan Morris
|
0-0: Ball 1-0: Ball 2-0: Called Strike 2-1: Ground out 4-3 (Groundball, 4, EV 104.4 MPH)
|
|
Pinch Hitting: RHB Mike Gifford
|
0-0: Foul Ball, location: 2F 0-1: Ball 1-1: Ball 2-1: Called Strike 2-2: Foul Ball, location: 2F 2-2: Ball 3-2: Strikes out looking
|
| Top of the 9th over - 2 runs, 1 hit, 0 errors, 0 left on base; New York 10 - Toronto 4 |
| BOTTOM OF THE 9TH |
|
Toronto Blue Jays batting - Pitching for New York Yankees : LHP Joel Pacheco
|
|
Pitching: RHP Chris McCoy
|
|
|
Now at C: Mike Gifford
|
|
|
Now at 3B: Geni Prawiranega
|
|
|
Now at SS: Dan Morris
|
|
|
Now in RF: Ryan Neal
|
|
|
Batting: RHB Donny Burnside
|
0-0: Ball 1-0: Ground out 4-3 (Groundball, 4M, EV 85.6 MPH)
|
|
Batting: RHB Danny Burnside
|
0-0: Ball 1-0: Foul Ball, location: 2F 1-1: Called Strike 1-2: Foul Ball, location: 2F 1-2: Foul Ball, location: 2F 1-2: Strikes out swinging
|
|
Pinch Hitting: RHB Bryan Peterson
|
0-0: Foul Ball, location: 2F 0-1: Called Strike 0-2: Strikes out swinging
|
| Bottom of the 9th over - 0 runs, 0 hits, 0 errors, 0 left on base; New York 10 - Toronto 4 |
|